[Event "Titled Tuesday Blitz May 16 Late 2023"]
[White "mjelcic"]
[Black "Womacka, Mathias"]
[BlackFideId "4611390"]
[WhiteElo "2272"]
[BlackElo "2377"]
[Result "0-1"]
[Round "06"]
[TimeControl "180+2"]
[Date "2023.05.16"]
[WhiteClock "0:00:03"]
[BlackClock "0:01:35"]

1. c4 c5 2. Nc3 Nf6 3. g3 d5 4. cxd5 Nxd5 5. Bg2 Nc7 6. Nf3 Nc6 7. O-O e5 8. d3 Be7 9. Be3 O-O 10. Rc1 Ne6 11. Ne4 b6 12. Nc3 Bd7 13. a3 Ned4 14. Nd5 Bd6 15. Rb1 Bg4 16. b4 Nxf3+ 17. exf3 Be6 18. bxc5 Bxd5 19. cxd6 Qxd6 20. f4 Rfd8 21. Bxd5 Qxd5 22. Qa4 exf4 23. Bxf4 Nd4 24. f3 Nxf3+ 25. Kf2 Nxh2 26. Rh1 Ng4+ 27. Ke2 Qxd3+ 28. Ke1 Qxb1+ 0-1


[Site "https://www.chess.com"]

[Event "Titled Tuesday Blitz May 16 Late 2023"]
[White "Harish, Neeraj"]
[Black "Pires, Marcos Vinicius Torsani"]
[WhiteFideId "30958130"]
[BlackFideId "2118939"]
[WhiteElo "1879"]
[BlackElo "2273"]
[Result "1/2-1/2"]
[Round "06"]
[TimeControl "180+2"]
[Date "2023.05.16"]
[WhiteClock "0:00:52"]
[BlackClock "0:00:12"]

1. e4 c5 2. Nf3 g6 3. d4 cxd4 4. Nxd4 Nc6 5. c4 Nf6 6. Nc3 d6 7. f3 Nxd4 8. Qxd4 Bg7 9. Be3 O-O 10. Qd2 Be6 11. Rc1 Qa5 12. b3 Rfc8 13. Bd3 a6 14. Nd5 Qxd2+ 15. Kxd2 Nxd5 16. exd5 Bd7 17. a4 Rcb8 18. a5 Rc8 19. b4 e6 20. Be4 exd5 21. Bxd5 Bc6 22. Bf4 Be5 23. Bxe5 dxe5 24. Rhe1 Bxd5 25. cxd5 f6 26. Kd3 Kf7 27. Rc5 Ke7 28. Rec1 Kd7 29. Ke4 Rxc5 30. bxc5 Re8 31. Rb1 f5+ 32. Kd3 Kc7 33. Rb6 e4+ 34. fxe4 Rxe4 35. d6+ Kc8 36. c6 bxc6 37. Rxc6+ Kd7 38. Rxa6 Ra4 39. Ke3 g5 40. Kf3 h5 41. Ke3 f4+ 42. Kf3 g4+ 43. Kf2 Ra2+ 44. Kf1 h4 45. Rb6 Rxa5 46. Rb4 Rf5 47. Rd4 Rf6 48. Kf2 Rf7 49. h3 gxh3 50. gxh3 Ke6 51. Kf3 Kd7 52. Rxf4 Rxf4+ 53. Kxf4 Kxd6 54. Kg4 Ke7 55. Kxh4 Kf8 56. Kg5 Kg8 57. h4 Kh8 58. h5 Kg8 59. h6 Kh8 60. h7 Kxh7 1/2-1/2


[Site "https://www.chess.com"]

[Event "Titled Tuesday Blitz May 16 Late 2023"]
[White "Krasteva, Beloslava"]
[Black "Pein, Jonathan"]
[WhiteFideId "2922029"]
[BlackFideId "417092"]
[WhiteElo "2187"]
[BlackElo "2151"]
[Result "0-1"]
[Round "06"]
[TimeControl "180+2"]
[Date "2023.05.16"]
[WhiteClock "0:00:00"]
[BlackClock "0:00:55"]

1. d4 d6 2. e4 Nf6 3. Bd3 Nc6 4. c3 e5 5. Nf3 Bg4 6. Be3 g6 7. h3 Bxf3 8. Qxf3 Bg7 9. Na3 O-O 10. O-O a6 11. Nc2 Nh5 12. g3 Qd7 13. Qg2 Rae8 14. Rae1 f6 15. f4 Kh8 16. f5 exd4 17. cxd4 d5 18. exd5 Ne7 19. fxg6 hxg6 20. Bd2 f5 21. g4 fxg4 22. hxg4 Nf6 23. Qh3+ Kg8 24. Ne3 Nexd5 25. Bxg6 Nxe3 26. Bxe3 Qxg4+ 27. Qxg4 Nxg4 28. Bxe8 Rxe8 29. Bf2 Rxe1 30. Rxe1 Nxf2 31. Kxf2 Bxd4+ 32. Kf3 Bxb2 33. Rb1 Bd4 34. Rxb7 Bb6 35. Ke4 Kf7 36. Kd5 Ke7 37. Kc6 a5 38. a4 Ke6 39. Rb8 Ke5 40. Re8+ Kd4 41. Rb8 Kc4 42. Rxb6 cxb6 43. Kxb6 Kb4 44. Kc6 Kxa4 45. Kc5 Kb3 0-1


[Site "https://www.chess.com"]

[Event "Titled Tuesday Blitz May 16 Late 2023"]
[White "marik_spb"]
[Black "Schut, Han"]
[BlackFideId "1005561"]
[WhiteElo "2441"]
[BlackElo "2024"]
[Result "1/2-1/2"]
[Round "06"]
[TimeControl "180+2"]
[Date "2023.05.16"]
[WhiteClock "0:00:08"]
[BlackClock "0:00:52"]

1. d4 Nf6 2. c4 g6 3. Nf3 Bg7 4. Nc3 d5 5. Bg5 Ne4 6. Bf4 Nxc3 7. bxc3 dxc4 8. e3 Be6 9. Qb1 b6 10. Ng5 Bd5 11. e4 h6 12. Nf3 Be6 13. Be5 Bxe5 14. Nxe5 c5 15. Qb5+ Nd7 16. Bxc4 a6 17. Qc6 Rc8 18. Bxe6 Rxc6 19. Bxd7+ Qxd7 20. Nxd7 Kxd7 21. Kd2 cxd4 22. cxd4 Rhc8 23. Rhc1 Rxc1 24. Rxc1 Rxc1 25. Kxc1 f5 26. exf5 gxf5 27. Kc2 Kd6 28. f3 Kd5 29. Kd3 f4 30. g3 fxg3 31. hxg3 b5 32. g4 a5 33. f4 e6 34. g5 hxg5 35. fxg5 Kd6 36. Ke4 Ke7 37. d5 b4 38. g6 exd5+ 39. Kxd5 a4 40. Kc4 b3 41. axb3 axb3 42. Kxb3 Kf6 43. Kc4 Kg7 44. Kc5 Kxg6 1/2-1/2


[Site "https://www.chess.com"]

[Event "Titled Tuesday Blitz May 16 Late 2023"]
[White "Araujo, Everson De Moura"]
[Black "Fan_Of_Chucky"]
[WhiteFideId "22737197"]
[WhiteElo "2035"]
[BlackElo "2438"]
[Result "0-1"]
[Round "06"]
[TimeControl "180+2"]
[Date "2023.05.16"]
[WhiteClock "0:00:08"]
[BlackClock "0:00:12"]

1. c4 c5 2. Nc3 Nc6 3. g3 g6 4. Bg2 Bg7 5. Nf3 Nf6 6. O-O O-O 7. d3 Rb8 8. a3 a6 9. Bd2 b5 10. cxb5 axb5 11. Rb1 d5 12. Ne1 c4 13. dxc4 bxc4 14. Nc2 Bb7 15. Be3 Na5 16. Bf4 Rc8 17. e3 Re8 18. Be5 e6 19. Bd4 e5 20. Bc5 Rxc5 21. Na4 Rc8 22. Bh3 Rb8 23. Nc5 Qc7 24. Nxb7 Rxb7 25. Qd2 Rxb2 26. Qc3 Rxb1 27. Rxb1 Ne4 28. Qb4 Nb3 29. Bg2 Rb8 30. Qe1 Nbd2 31. Rd1 c3 32. Nb4 Qc4 33. Bf1 Nxf1 34. Qxf1 Qxf1+ 35. Kxf1 c2 36. Nxc2 d4 37. exd4 exd4 38. f3 Nc3 39. Rd2 Rd8 40. f4 d3 41. Nb4 Nb1 42. Rxd3 Rxd3 43. Nxd3 Nxa3 44. Ke2 Nc4 45. Kf3 Nd6 46. Nc5 Nf5 47. Ke4 h5 48. Nd3 Nh6 49. Nf2 Ng4 50. Nxg4 hxg4 51. f5 g5 52. f6 Bxf6 53. Kf5 Bd8 54. Kxg4 Kg7 55. Kf5 f6 56. h4 gxh4 57. gxh4 Kh6 58. Kg4 Be7 59. Kf5 Kh5 60. Ke6 Kxh4 61. Kxe7 f5 62. Ke6 f4 63. Ke5 f3 64. Kf4 f2 65. Ke3 f1=Q 0-1


[Site "https://www.chess.com"]

[Event "Titled Tuesday Blitz May 16 Late 2023"]
[White "Kovacevic, Radmila"]
[Black "Bouget, Alexandre"]
[WhiteFideId "933171"]
[BlackFideId "681318"]
[WhiteElo "2194"]
[BlackElo "2189"]
[Result "1-0"]
[Round "06"]
[TimeControl "180+2"]
[Date "2023.05.16"]
[WhiteClock "0:00:48"]
[BlackClock "0:00:00"]

1. e4 c6 2. d4 Na6 3. c4 Nc7 4. d5 g6 5. Qd4 Nf6 6. e5 Nh5 7. g4 Ng7 8. Bh6 Nge6 9. dxe6 Bxh6 10. exf7+ Kxf7 11. c5 Ne6 12. Bc4 b5 13. Bxe6+ dxe6 14. Qe4 Qd5 15. Qxd5 exd5 16. h3 Ke6 17. Nf3 Rf8 18. Ke2 b4 19. g5 Ba6+ 20. Ke3 Bg7 21. Nd4+ Kd7 22. f4 h6 23. h4 hxg5 24. hxg5 Rh8 25. Nd2 e6 26. a3 bxa3 27. Rxh8 Rxh8 28. Rxa3 Rh3+ 29. N2f3 Bb7 30. Rxa7 Kc8 31. Nxe6 d4+ 32. Ke4 d3 33. Nxg7 1-0


[Site "https://www.chess.com"]

[Event "Titled Tuesday Blitz May 16 Late 2023"]
[White "Florianovitz, Derlei Alex"]
[Black "liwadas82"]
[WhiteFideId "2114178"]
[WhiteElo "1953"]
[BlackElo "2437"]
[Result "0-1"]
[Round "06"]
[TimeControl "180+2"]
[Date "2023.05.16"]
[WhiteClock "0:00:25"]
[BlackClock "0:00:34"]

1. e4 e5 2. Nf3 Nc6 3. Bb5 a6 4. Ba4 Nf6 5. O-O b5 6. Bb3 Bb7 7. Re1 Bc5 8. c3 Ng4 9. d4 exd4 10. cxd4 Nxd4 11. Nxd4 Qh4 12. Be3 Qxh2+ 13. Kf1 Nxe3+ 14. fxe3 Qh1+ 15. Kf2 Qh4+ 16. Kg1 Qxe4 17. Qf3 Qxf3 18. Nxf3 O-O 19. Nbd2 Rfe8 20. Nf1 Re7 21. Rad1 Rae8 22. Bd5 c6 23. Bb3 d5 24. Nd4 Bb6 25. Nf5 Re6 26. Kh1 g6 27. Nh6+ Kg7 28. Ng4 f5 29. Nf2 f4 30. Nd3 fxe3 31. Nf4 Re4 32. Ne2 Ba5 33. Nc3 Bxc3 34. bxc3 e2 35. Rc1 exf1=Q+ 36. Rxf1 c5 37. Rcd1 c4 38. Bc2 Re2 39. Rc1 d4 40. Rg1 d3 41. Bd1 Rxa2 42. Bf3 Bxf3 43. gxf3 Ree2 44. Rge1 Rxe1+ 45. Rxe1 Re2 46. Rd1 d2 47. Kg1 Re1+ 0-1


[Site "https://www.chess.com"]

[Event "Titled Tuesday Blitz May 16 Late 2023"]
[White "Chessadiction1990"]
[Black "Toniutti, Ezio"]
[BlackFideId "113034"]
[WhiteElo "2144"]
[BlackElo "2215"]
[Result "0-1"]
[Round "06"]
[TimeControl "180+2"]
[Date "2023.05.16"]
[WhiteClock "0:00:11"]
[BlackClock "0:00:17"]

1. d4 d5 2. Bf4 Nf6 3. e3 e6 4. Nf3 Bd6 5. Bg3 O-O 6. Bd3 c5 7. c3 Qc7 8. Ne5 Nbd7 9. f4 b6 10. Nd2 Bb7 11. Qf3 a5 12. a4 Ba6 13. Bc2 b5 14. axb5 Bxb5 15. Bh4 a4 16. g4 a3 17. bxa3 cxd4 18. exd4 Rxa3 19. Rxa3 Bxa3 20. g5 Nxe5 21. fxe5 Ne4 22. Nxe4 dxe4 23. Bxe4 Bb2 24. Kf2 Bxc3 25. Kg3 Bxd4 26. Kh3 Bxe5 27. Bg3 Bxg3 28. hxg3 Qe5 29. Kg4 g6 30. Rh4 f5+ 31. gxf6 Rxf6 32. Qe3 Bc6 33. Kh3 Bxe4 34. Rxe4 Qf5+ 35. Kh4 Qh5# 0-1


[Site "https://www.chess.com"]

[Event "Titled Tuesday Blitz May 16 Late 2023"]
[White "Moral Garcia, Serafin"]
[Black "dorpato"]
[WhiteFideId "2201925"]
[WhiteElo "2274"]
[BlackElo "2026"]
[Result "1-0"]
[Round "06"]
[TimeControl "180+2"]
[Date "2023.05.16"]
[WhiteClock "0:02:10"]
[BlackClock "0:00:39"]

1. c4 c5 2. Nc3 Nc6 3. g3 g6 4. Bg2 Bg7 5. a3 Nf6 6. Rb1 d6 7. b4 cxb4 8. axb4 O-O 9. d3 Rb8 10. Bd2 Be6 11. Nf3 Nd7 12. O-O Nde5 13. Nxe5 Nxe5 14. Qc2 Qd7 15. Be3 b6 16. b5 Qc7 17. Ra1 Nd7 18. Ra3 Nc5 19. Rfa1 a5 20. bxa6 d5 21. Bxd5 Bxc3 22. Qxc3 Bxd5 23. cxd5 f6 24. d4 Nxa6 25. Qb3 Qd6 26. Rxa6 Rfd8 27. Bf4 Qxd5 28. Qxd5+ Rxd5 29. Bxb8 1-0


[Site "https://www.chess.com"]

[Event "Titled Tuesday Blitz May 16 Late 2023"]
[White "Kim, Sergey"]
[Black "ritanovikova"]
[WhiteFideId "13700570"]
[WhiteElo "2582"]
[BlackElo "2148"]
[Result "1-0"]
[Round "06"]
[TimeControl "180+2"]
[Date "2023.05.16"]
[WhiteClock "0:00:31"]
[BlackClock "0:00:00"]

1. d4 e5 2. dxe5 Nc6 3. e4 Nxe5 4. Nf3 Nxf3+ 5. Qxf3 Qf6 6. Nc3 Qxf3 7. gxf3 Bb4 8. Bd2 d6 9. a3 Ba5 10. b4 Bb6 11. Nd5 Ne7 12. Nxb6 axb6 13. Bc3 f6 14. Rg1 O-O 15. Bc4+ Kh8 16. Ke2 Bd7 17. h4 b5 18. Bb3 Ng6 19. h5 Nf4+ 20. Ke3 Nxh5 21. Rh1 g6 22. f4 Rae8 23. f3 c6 24. Rag1 d5 25. f5 Bxf5 26. Rxh5 gxh5 27. Kf4 Bg6 28. exd5 Rd8 29. Bd4 cxd5 30. c3 Ra8 31. Bxd5 Rxa3 32. Re1 h4 33. Rh1 Kg7 34. Rxh4 b6 35. Kg3 Ra1 36. Rf4 Rd1 37. Bc6 Be8 38. Rg4+ Kh6 39. Be3+ Kh5 40. Be4 f5 41. Rg5+ Kh6 42. Rxf5+ Kg7 43. Bh6+ Kxh6 44. Rxf8 Bg6 45. Rf6 Rg1+ 46. Kf4 Rc1 47. Rc6 Kg7 48. Ke5 Re1 49. Rxb6 Bxe4 50. fxe4 Re3 51. Kd4 Re1 52. Rxb5 Rd1+ 53. Ke3 Kg6 54. Rb8 h5 55. Rg8+ Kf7 56. Rg5 h4 57. Rh5 Rh1 58. Kf2 Kg6 59. Kg2 Rc1 60. Rc5 1-0


[Site "https://www.chess.com"]

[Event "Titled Tuesday Blitz May 16 Late 2023"]
[White "Ismayil, Malak"]
[Black "Shapiro, Daniel"]
[WhiteFideId "13412604"]
[BlackFideId "2001780"]
[WhiteElo "1868"]
[BlackElo "2367"]
[Result "1-0"]
[Round "06"]
[TimeControl "180+2"]
[Date "2023.05.16"]
[WhiteClock "0:00:40"]
[BlackClock "0:00:00"]

1. e4 e5 2. Nf3 Nc6 3. Bc4 Be7 4. d3 Nf6 5. Nc3 d6 6. h3 O-O 7. O-O h6 8. Re1 Be6 9. Bb3 Qd7 10. Kh2 a6 11. d4 Nxd4 12. Nxd4 exd4 13. Qxd4 c5 14. Qd3 Rad8 15. Bf4 b5 16. Bd5 Qa7 17. a3 Nd7 18. Qg3 Kh8 19. Rad1 Qb6 20. Bxe6 fxe6 21. Bxd6 Bg5 22. Bxf8 Rxf8 23. Ne2 Qb7 24. f4 Bd8 25. e5 Nb6 26. b3 Nd5 27. c4 Ne7 28. Qf3 Qc7 29. Ng3 Ng6 30. Re4 Nh4 31. Qg4 Nf5 32. Qg6 Bh4 33. Nxf5 exf5 34. Re3 bxc4 35. bxc4 Rb8 36. Red3 Rb2 37. Qxf5 1-0


[Site "https://www.chess.com"]

[Event "Titled Tuesday Blitz May 16 Late 2023"]
[White "Estrada Nieto, Julian"]
[Black "mohsengabr2002"]
[WhiteFideId "5101018"]
[WhiteElo "2161"]
[BlackElo "2361"]
[Result "1-0"]
[Round "06"]
[TimeControl "180+2"]
[Date "2023.05.16"]
[WhiteClock "0:00:37"]
[BlackClock "0:01:18"]

1. e4 e6 2. d4 d5 3. Nd2 dxe4 4. Nxe4 Nd7 5. Nf3 Ngf6 6. Nxf6+ Nxf6 7. g3 c5 8. Bg2 cxd4 9. Qxd4 Qa5+ 10. Bd2 Qa6 11. Bb4 Bxb4+ 12. Qxb4 Nd5 13. Qc5 Bd7 14. Qa3 Qxa3 15. bxa3 Rc8 16. Kd2 Nb6 17. Ne5 f6 18. Nxd7 Kxd7 19. Bxb7 Nc4+ 20. Ke2 Rc7 21. Be4 Nxa3 22. Rhd1+ Ke7 23. Rac1 f5 24. Bd3 Rhc8 25. Kd2 Rc3 26. f4 Kf6 27. Re1 h6 28. Re5 g5 29. Ra5 R8c7 30. Ra6 gxf4 31. gxf4 h5 32. Re1 Nc4+ 33. Kxc3 1-0


[Site "https://www.chess.com"]

[Event "Titled Tuesday Blitz May 16 Late 2023"]
[White "Stork, Oliver"]
[Black "Hoffmann, Asa"]
[WhiteFideId "12955728"]
[BlackFideId "2001470"]
[WhiteElo "2239"]
[BlackElo "2117"]
[Result "1-0"]
[Round "06"]
[TimeControl "180+2"]
[Date "2023.05.16"]
[WhiteClock "0:00:51"]
[BlackClock "0:00:41"]

1. e4 d6 2. d4 Nf6 3. Nc3 c6 4. f4 Qa5 5. Bd2 e5 6. fxe5 dxe5 7. Nd5 Qd8 8. Nxf6+ Qxf6 9. dxe5 Qxe5 10. Nf3 Qc5 11. Bc3 Be6 12. Be2 Nd7 13. Bd4 Qh5 14. O-O Bc5 15. c3 Rd8 16. Kh1 O-O 17. Ne5 Qh6 18. Nxd7 Rxd7 19. Bxc5 Rxd1 20. Raxd1 Re8 21. Bxa7 Bxa2 22. Rd7 Be6 23. Rxb7 Qd2 24. Bh5 g6 25. Bf3 h5 26. Bd4 h4 27. h3 g5 28. Bh5 Qd3 29. Bxf7+ Bxf7 30. Rfxf7 Rxe4 31. Rg7+ Kf8 32. Bc5+ 1-0


[Site "https://www.chess.com"]

[Event "Titled Tuesday Blitz May 16 Late 2023"]
[White "Gerbelli Neto, Eduardo"]
[Black "Jimenez Almeida, Luis David"]
[WhiteFideId "2103281"]
[BlackFideId "22242244"]
[WhiteElo "2178"]
[BlackElo "2245"]
[Result "0-1"]
[Round "06"]
[TimeControl "180+2"]
[Date "2023.05.16"]
[WhiteClock "0:00:02"]
[BlackClock "0:00:26"]

1. e4 c5 2. Nc3 a6 3. f4 b5 4. g3 Bb7 5. Bg2 b4 6. Na4 e6 7. c3 d5 8. d3 dxe4 9. Bxe4 Bxe4 10. dxe4 Qxd1+ 11. Kxd1 Nf6 12. e5 Ng4 13. Ke2 h5 14. Nf3 Nc6 15. Rd1 Be7 16. h3 Nh6 17. Be3 Nf5 18. Bf2 bxc3 19. bxc3 O-O 20. g4 hxg4 21. hxg4 Nh6 22. g5 Nf5 23. Rab1 Rab8 24. Nxc5 Rb5 25. Rxb5 axb5 26. Rb1 Ra8 27. Rb2 Ra3 28. Ne4 b4 29. cxb4 Nxb4 30. Nd4 Nd3 31. Nxf5 Nxf4+ 32. Kd2 exf5 33. Ng3 Bxg5 34. Kc2 Nd3 35. Rb8+ Kh7 36. Bd4 Ne1+ 37. Kd1 Nf3 38. Bf2 Rxa2 39. Bc5 Rd2+ 40. Kc1 Rd8+ 0-1


[Site "https://www.chess.com"]

[Event "Titled Tuesday Blitz May 16 Late 2023"]
[White "Kovalevsky, Stanislav"]
[Black "Kostiukov, Alexandr"]
[WhiteFideId "13508598"]
[BlackFideId "14108100"]
[WhiteElo "2174"]
[BlackElo "2202"]
[Result "1-0"]
[Round "06"]
[TimeControl "180+2"]
[Date "2023.05.16"]
[WhiteClock "0:00:07"]
[BlackClock "0:00:00"]

1. c4 c5 2. Nc3 Nf6 3. g3 g6 4. Bg2 Bg7 5. a3 O-O 6. Rb1 e6 7. b4 cxb4 8. axb4 d5 9. cxd5 exd5 10. d3 Nc6 11. Nf3 d4 12. Na4 Nd5 13. Bg5 Qd6 14. b5 Ne5 15. O-O Nxf3+ 16. Bxf3 Bh3 17. Re1 Rac8 18. Qd2 b6 19. Rec1 Rfe8 20. Rc4 Nc3 21. Rbb4 Rxc4 22. Rxc4 Be6 23. Rc6 Qb4 24. Nb2 Qxb5 25. Rc7 Bh3 26. Bc6 Nxe2+ 27. Kh1 Qc5 28. Bxe8 Qxc7 29. Qxe2 Qb7+ 30. Qe4 Qc8 31. Bc6 h6 32. Bf4 Qa6 33. Nd1 Qa1 34. Qe2 h5 35. f3 Kh7 36. Be4 a5 37. Bd2 a4 38. f4 Bg4 39. Bf3 a3 40. Bxg4 hxg4 41. Qxg4 a2 42. Qh4+ Kg8 43. Qd8+ Kh7 44. Qh4+ Bh6 45. Qg4 Qb1 46. f5 1-0


[Site "https://www.chess.com"]

[Event "Titled Tuesday Blitz May 16 Late 2023"]
[White "Pavlidou, Ekaterini"]
[Black "KorolDimitriy75"]
[WhiteFideId "4213262"]
[WhiteElo "2126"]
[BlackElo "2449"]
[Result "1-0"]
[Round "06"]
[TimeControl "180+2"]
[Date "2023.05.16"]
[WhiteClock "0:00:23"]
[BlackClock "0:00:00"]

1. d4 Nf6 2. c4 c5 3. d5 b5 4. cxb5 a6 5. b6 d6 6. Nc3 Nbd7 7. b7 Bxb7 8. e4 g6 9. h4 h5 10. Bg5 Bg7 11. f4 O-O 12. Nf3 Ng4 13. f5 Nde5 14. Be2 Qd7 15. Nxe5 Nxe5 16. g4 hxg4 17. Bxg4 Rab8 18. h5 Bc8 19. Bh3 Qb7 20. Rh2 c4 21. Bf1 gxf5 22. h6 Bf6 23. Qh5 Kh7 24. Bxf6 exf6 25. Rg2 Ng6 26. O-O-O 1-0


[Site "https://www.chess.com"]

[Event "Titled Tuesday Blitz May 16 Late 2023"]
[White "Ward, Ieuan C"]
[Black "Ziatdinov, Raset"]
[WhiteFideId "406627"]
[BlackFideId "2015323"]
[WhiteElo "2293"]
[BlackElo "2220"]
[Result "0-1"]
[Round "06"]
[TimeControl "180+2"]
[Date "2023.05.16"]
[WhiteClock "0:00:00"]
[BlackClock "0:00:11"]

1. d4 Nf6 2. Nf3 g6 3. c4 Bg7 4. Nc3 d6 5. g3 O-O 6. Bg2 Nc6 7. O-O e5 8. d5 Ne7 9. e4 Ne8 10. Ne1 f5 11. Nd3 Nf6 12. Bg5 h6 13. Bxf6 Bxf6 14. f4 exf4 15. Nxf4 Bg7 16. Ne6 Bxe6 17. dxe6 c6 18. exf5 Nxf5 19. Qd3 Qb6+ 20. Kh1 Qxb2 21. Ne4 Qd4 22. Rad1 Rae8 23. Nxd6 Qxd6 24. Rxf5 Qxd3 25. Rxf8+ Kxf8 26. Rxd3 Rxe6 27. Bh3 Re1+ 28. Kg2 Re2+ 29. Kf3 Rxa2 30. Rd8+ Ke7 31. Rd7+ Kf6 32. Rxb7 Rxh2 33. Bd7 Ra2 34. Bxc6 Ra3+ 35. Kg2 Bf8 36. Bd5 Bd6 37. Rd7 Bxg3 38. c5 h5 39. c6 h4 40. c7 Rc3 41. c8=Q Rxc8 42. Rxa7 Rc2+ 43. Kh3 Kg5 44. Bg2 Rc1 45. Ra5+ Kh6 46. Kg4 Rc4+ 47. Kh3 Rc3 48. Rb5 Re3 49. Ra5 Be1+ 0-1


[Site "https://www.chess.com"]

[Event "Titled Tuesday Blitz May 16 Late 2023"]
[White "Mazurkiewicz, Michal"]
[Black "lluiss"]
[WhiteFideId "1124943"]
[WhiteElo "2054"]
[BlackElo "2281"]
[Result "0-1"]
[Round "06"]
[TimeControl "180+2"]
[Date "2023.05.16"]
[WhiteClock "0:00:00"]
[BlackClock "0:00:32"]

1. e4 c5 2. Nf3 d6 3. g3 Nf6 4. d3 b6 5. Bg2 Bb7 6. O-O e5 7. Nc3 Be7 8. a4 a6 9. Nd2 Nc6 10. Nc4 Nd4 11. Nd5 Nxd5 12. exd5 b5 13. axb5 axb5 14. Rxa8 Qxa8 15. Ne3 Bg5 16. c3 Bxe3 17. fxe3 Bxd5 18. Bxd5 Qxd5 19. exd4 cxd4 20. Qf3 Qxf3 21. Rxf3 dxc3 22. bxc3 Ke7 23. Bd2 Ra8 24. Rf1 Ra2 25. Rd1 d5 26. Kf1 Ke6 27. Ke2 f5 28. Rb1 g5 29. Rxb5 f4 30. Rb1 e4 31. gxf4 gxf4 32. dxe4 dxe4 33. Kd1 e3 34. Bc1 Rxh2 35. Rb5 Rh1+ 36. Kc2 Rh2+ 37. Kd3 Rh1 38. Rb1 Rd1+ 39. Ke4 e2 40. Rb6+ Kd7 41. Bxf4 e1=Q+ 42. Be3 Qxc3 0-1


[Site "https://www.chess.com"]

[Event "Titled Tuesday Blitz May 16 Late 2023"]
[White "Magallanes, Rey Jomar"]
[Black "K2JW"]
[WhiteFideId "5205948"]
[WhiteElo "2254"]
[BlackElo "2380"]
[Result "1-0"]
[Round "06"]
[TimeControl "180+2"]
[Date "2023.05.16"]
[WhiteClock "0:00:42"]
[BlackClock "0:00:05"]

1. e4 c5 2. Nf3 d6 3. d4 cxd4 4. Nxd4 Nf6 5. Nc3 a6 6. Be2 e5 7. Nb3 Be7 8. O-O O-O 9. Qd3 b5 10. Bd2 Bb7 11. Nd5 Nxd5 12. exd5 f5 13. Na5 Bc8 14. f4 e4 15. Qb3 Qb6+ 16. Kh1 Nd7 17. Nc6 Bf6 18. Be3 Qc7 19. c4 bxc4 20. Qxc4 Kh8 21. Rac1 Bb7 22. Qa4 Nb6 23. Qa5 Bxb2 24. Bxb6 Qf7 25. Rc2 Bf6 26. Nb4 Rfe8 27. Rc7 Re7 28. Rfc1 Rae8 29. Nc6 Bxc6 30. R7xc6 Rd7 31. Bxa6 e3 32. Be2 g6 33. Rc7 Re4 34. Qb5 Rxc7 35. Rxc7 Re7 36. Rxe7 Qxe7 37. a4 Qe4 38. Qd3 Qxf4 39. Bxe3 Qxa4 40. g3 Qa1+ 41. Kg2 Qe5 42. Bf4 Qe7 43. Qe3 Qd7 44. Qe6 Qxe6 45. dxe6 Be7 46. Bb5 Kg7 47. Bd7 Kf6 48. Kf3 g5 49. Bd2 Ke5 50. Bc3+ Kd5 51. h4 Kc4 52. Bg7 gxh4 53. gxh4 Bxh4 54. Kf4 d5 55. Kxf5 d4 56. Bf6 Bxf6 57. Kxf6 d3 58. e7 d2 59. Bg4 1-0


[Site "https://www.chess.com"]

[Event "Titled Tuesday Blitz May 16 Late 2023"]
[White "Mirzoev, Azer"]
[Black "Horokoskii"]
[WhiteFideId "13400304"]
[WhiteElo "2525"]
[BlackElo "2161"]
[Result "1-0"]
[Round "06"]
[TimeControl "180+2"]
[Date "2023.05.16"]
[WhiteClock "0:02:01"]
[BlackClock "0:00:59"]

1. c4 Nf6 2. Nc3 g6 3. e4 d6 4. d4 Bg7 5. Bg5 O-O 6. Qd2 c5 7. d5 e6 8. f3 exd5 9. cxd5 a6 10. a4 b6 11. Nge2 Nbd7 12. Ng3 Re8 13. Be2 Rb8 14. O-O Qe7 15. Kh1 Ne5 16. h3 c4 17. f4 Nd3 18. Bxd3 cxd3 19. f5 a5 20. Qxd3 Qa7 21. fxg6 Ba6 22. gxf7+ Kxf7 23. Nb5 Bxb5 24. axb5 h6 25. Bxf6 Bxf6 26. Nh5 1-0


[Site "https://www.chess.com"]

[Event "Titled Tuesday Blitz May 16 Late 2023"]
[White "Avalos Parra, Joao"]
[Black "Curtis, John"]
[WhiteFideId "3402541"]
[BlackFideId "3200256"]
[WhiteElo "2173"]
[BlackElo "2203"]
[Result "1-0"]
[Round "06"]
[TimeControl "180+2"]
[Date "2023.05.16"]
[WhiteClock "0:00:16"]
[BlackClock "0:00:00"]

1. d4 Nf6 2. c4 e6 3. Nf3 d5 4. Nc3 c5 5. cxd5 exd5 6. g3 Nc6 7. Bg2 h6 8. O-O Be6 9. Re1 a6 10. a3 cxd4 11. Nxd4 Nxd4 12. Qxd4 Rc8 13. e4 Bc5 14. Qd1 dxe4 15. Nxe4 Nxe4 16. Bxe4 Qb6 17. Qf3 O-O 18. Bf4 Bd4 19. Bxb7 Bxf2+ 20. Qxf2 Qxb7 21. Be5 Bh3 22. Bc3 f6 23. Rad1 Rce8 24. Bb4 Rxe1+ 25. Rxe1 Rd8 26. Bc3 Qc6 27. Rc1 Qe4 28. Re1 Qd5 29. Bb4 a5 30. Bc3 Rd6 31. Qc2 Re6 32. Rxe6 1-0


[Site "https://www.chess.com"]

[Event "Titled Tuesday Blitz May 16 Late 2023"]
[White "Roman, Rodrigo"]
[Black "Bjelobrk, Igor"]
[WhiteFideId "3701220"]
[BlackFideId "4300726"]
[WhiteElo "1995"]
[BlackElo "2319"]
[Result "0-1"]
[Round "06"]
[TimeControl "180+2"]
[Date "2023.05.16"]
[WhiteClock "0:00:41"]
[BlackClock "0:01:20"]

1. e4 e6 2. d4 d5 3. Bd3 c5 4. dxc5 Bxc5 5. exd5 exd5 6. Nf3 Nf6 7. Qe2+ Be6 8. Ng5 O-O 9. Nxe6 fxe6 10. Qxe6+ Kh8 11. O-O Nc6 12. Bg5 Qb6 13. Nc3 Rae8 14. Qh3 Ne4 15. Bxe4 dxe4 16. Na4 Bxf2+ 17. Kh1 Qb5 18. Bh6 gxh6 19. Nc3 Qg5 20. Qd7 Re7 21. Qd6 e3 22. Nd5 Ref7 23. Qe6 Qe5 24. Qxe5+ Nxe5 25. Nxe3 Bxe3 26. Rfe1 Ng4 27. h3 Nf2+ 28. Kh2 Bb6 29. Re6 Kg7 30. Rae1 Rd8 31. Re7 Rd2 32. R7e2 Rxe2 33. Rxe2 h5 34. g3 Kf6 35. Kg2 Re7 36. Rd2 Ne4 37. Rd5 Kg6 38. c4 Bc7 39. g4 hxg4 40. hxg4 Nf6 41. Rb5 Bf4 42. Kf3 Bg5 43. b3 b6 44. a4 Re3+ 45. Kg2 Nxg4 46. a5 bxa5 47. c5 Rc3 48. Rxa5 Rxb3 49. Rxa7 Rc3 50. Ra6+ Kf5 51. Ra5 Ne5 52. Ra7 h5 53. Rh7 h4 54. Rc7 Kg4 55. Kf1 Rc2 56. Ra7 h3 57. Ra4+ Bf4 58. Kg1 h2+ 59. Kh1 Rc1+ 60. Kg2 h1=Q+ 0-1


[Site "https://www.chess.com"]

[Event "Titled Tuesday Blitz May 16 Late 2023"]
[White "HamedWafa4"]
[Black "Ingunza Curro, Andres"]
[BlackFideId "24526371"]
[WhiteElo "2606"]
[BlackElo "2247"]
[Result "0-1"]
[Round "06"]
[TimeControl "180+2"]
[Date "2023.05.16"]
[WhiteClock "0:00:20"]
[BlackClock "0:00:15"]

1. e4 e5 2. Nf3 Nc6 3. Bb5 a6 4. Ba4 Nf6 5. O-O Be7 6. d3 b5 7. Bb3 O-O 8. Nc3 d6 9. a3 Na5 10. Ba2 h6 11. b4 Nc6 12. Nd5 Nxd5 13. Bxd5 Bd7 14. c4 bxc4 15. dxc4 Rb8 16. Be3 Bf6 17. Rb1 Ne7 18. c5 Bb5 19. Re1 Nxd5 20. exd5 Kh7 21. a4 Bd7 22. c6 Bg4 23. Ng5+ Bxg5 24. Qxg4 Bxe3 25. fxe3 f5 26. Qe2 Rb6 27. Rf1 Qh4 28. e4 f4 29. b5 axb5 30. Rxb5 Rfb8 31. Rxb6 Rxb6 32. Qf2 Qd8 33. a5 Ra6 34. Ra1 Qa8 35. Qd2 Qa7+ 36. Qf2 Qa8 37. Qe2 Rxa5 38. Rb1 Qa7+ 39. Kh1 Ra2 40. Qg4 Qf2 41. h3 Qg3 42. Qf5+ Qg6 43. Qxg6+ Kxg6 44. Rb7 Re2 45. Rxc7 Rxe4 46. Rd7 Re1+ 47. Kh2 Rc1 48. Rxd6+ Kf5 49. Rd7 e4 50. Rxg7 Ke5 51. Rd7 e3 52. c7 Rc2 53. d6 f3 54. Kg3 f2 55. Rf7 Kxd6 56. Kh4 Rxc7 57. Rf3 e2 0-1


[Site "https://www.chess.com"]